 Dungeon Crawl Stone Soup version 0.21.1-1-g345015f (webtiles) character file.

49 Judge the Magician (level 3, 0/19 HPs)
             Began as a Deep Elf Wizard on June 13, 2018.
             Slain by a gnoll
             ... wielding a +0 halberd
              (11 damage)
             ... on level 3 of the Dungeon.
             The game lasted 00:31:26 (2356 turns).

Judge the Magician (Deep Elf Wizard)                Turns: 2356, Time: 00:31:26

Health: 0/19       AC:  2    Str:  4    XL:     3   Next: 53%
Magic:  2/12       EV: 13    Int: 23    God:
Gold:   66         SH:  0    Dex: 13    Spells: 6/13 levels left

rFire    . . .     SeeInvis +   o - +0 quarterstaff
rCold    . . .     Gourm    .   (shield currently unavailable)
rNeg     + . .     Faith    +   a - +0 robe
rPois    .         Spirit   .   b - +0 hat
rElec    .         Reflect  .   (no cloak)
rCorr    .         Harm     .   (no gloves)
MR       .....                  (no boots)
Stlth    ++........             e - amulet of faith
HPRegen  0.06/turn              p - ring of see invisible
MPRegen  0.13/turn              s - ring of positive energy

@: no status effects
A: no striking features
a: no special abilities


You were on level 3 of the Dungeon.
You were hungry.

You visited 1 branch of the dungeon, and saw 3 of its levels.

You collected 66 gold pieces.

Inventory:

Hand Weapons
 g - a +0 hunting sling
 o - a +0 quarterstaff (weapon)
Missiles
 f - 78 stones (quivered)
Armour
 a - a +0 robe (worn)
 b - a +0 hat (worn)
 t - a cursed +0 leather armour
Jewellery
 e - an amulet of faith (around neck)
 p - a ring of see invisible (left hand)
 s - a ring of positive energy (right hand)
Scrolls
 i - 2 scrolls of blinking {unknown}
 j - 2 scrolls of random uselessness {unknown}
 k - 2 scrolls of magic mapping {unknown}
 m - 2 scrolls of remove curse {unknown}
 n - 2 scrolls of enchant armour {unknown}
 r - 4 scrolls of identify {unknown}
 u - a scroll of teleportation {unknown}
Potions
 h - a potion of haste {unknown}
 l - a potion of invisibility {unknown}
 q - a potion of mutation {unknown}
 v - a potion of might {unknown}
Books
 c - a book of Minor Magic

   Spells                             Type                      Level
   a - Magic Dart                     Conjuration                  1
   b - Blink                          Translocation                2
   c - Call Imp                       Summoning                    2
   d - Slow                           Hexes                        2
   e - Conjure Flame                  Conjuration/Fire             3
   f - Mephitic Cloud                 Conjuration/Poison/Air       3
Comestibles
 d - a ration


   Skills:
 * Level 0.2 Fighting
 + Level 0.1 Slings
 + Level 2.6 Dodging
 * Level 2.8 Stealth
 + Level 5.5 Spellcasting
 + Level 1.5 Conjurations
 + Level 1.2 Summonings
 + Level 1.3 Translocations


You had 6 spell levels left.
You knew the following spells:

 Your Spells              Type           Power        Failure   Level  Hunger
a - Magic Dart            Conj           ##..         4%          1    None
b - Blink                 Tloc           N/A          8%          2    None
c - Call Imp              Summ           ##......     9%          2    None
d - Slow                  Hex            #.......     14%         2    None


Dungeon Overview and Level Annotations

Branches:
Dungeon (3/15)

Altars:


Message History

The gnoll is heavily wounded.
Throwing (i - inventory):
f - 79 stones (quivered)
Press: ? - help, Shift-Dir - straight line, f/p - gnoll
Aim: a gnoll (heavily wounded)
You throw a stone.
The stone hits the gnoll but does no damage.
The gnoll is heavily wounded.
The gnoll hits you.
You hit the gnoll.
The gnoll is severely wounded.
Your crimson imp blinks!
The gnoll closely misses you.
You hit the gnoll.
The gnoll is almost dead.
The gnoll hits you.
You barely miss the gnoll.
The gnoll is almost dead.
The gnoll hits you from afar with a halberd!
Ouch! That really hurt!
You die...

..(..('..(...'.......
#######...(..########
# #......# ####
#......# ...#
#......# .†.##
#......# ...8#
#......###########
...##
#######...........
...# #.gg@.?.....
...# #...........
...8 #...........
...## #...5.......
...# #...........
.... #...........
............
.#...........


You could see 2 gnolls and a friendly crimson imp.

Vanquished Creatures
  An adder (D:2)
  2 leopard geckos (D:1)
  3 bats
  4 giant cockroaches
  4 goblins (D:1)
  3 hobgoblins (D:1)
  2 jackals (D:1)
  3 kobolds
  A ball python (D:3)
  A frilled lizard (D:1)
  3 rats
27 creatures vanquished.

Vanquished Creatures (collateral kills)
  A worm (D:2)
  A dart slug (D:2)
  2 giant cockroaches (D:2)
  A goblin (D:2)
  2 hobgoblins (D:2)
  A quokka (D:3)
  A frilled lizard (D:2)
9 creatures vanquished.

Grand Total: 36 creatures vanquished

Notes
Turn   | Place    | Note
-------+----------+-------------------------------------------
     0 | D:1      | Judge the Deep Elf Wizard began the quest for the Orb.
     0 | D:1      | Reached XP level 1. HP: 10/10 MP: 7/7
   312 | D:1      | Reached XP level 2. HP: 15/15 MP: 7/9
   404 | D:1      | Reached skill level 5 in Spellcasting
   634 | D:1      | Learned a level 2 spell: Blink
   719 | D:1      | Learned a level 2 spell: Call Imp
  1265 | D:2      | Reached XP level 3. HP: 19/19 MP: 9/11
  1269 | D:2      | Learned a level 2 spell: Slow
  2356 | D:3      | Slain by a gnoll

Skill      XL: |  1  2 |
---------------+-------+-----
Spellcasting   | 5 |  5.5
Fighting       | |  0.2
Slings         | |  0.1
Dodging        | |  2.6
Stealth        | |  2.8
Conjurations   | |  1.5
Summonings     | |  1.2
Translocations | |  1.3

Action                   || total
-------------------------++-------
Melee: Quarterstaff      ||     5
 Fire: Hunting sling     ||    17
Throw: Stone             ||    11
 Cast: Magic Dart        ||    59
       Blink             ||    23
       Call Imp          ||    16
  Eat: Ration            ||     1
Armor: Robe              ||     7
Dodge: Dodged            ||    24
